 Dungeon Crawl Stone Soup version 0.21.1-1-g345015f (webtiles) character file.

105 Hebeh the Covered (level 4, -4/41 HPs)
             Began as a Minotaur Fighter on June 24, 2018.
             Killed from afar by an orc wizard (6 damage)
             ... with a magic dart
             ... on level 3 of the Dungeon.
             The game lasted 00:07:22 (1638 turns).

Hebeh the Covered (Minotaur Fighter)                Turns: 1638, Time: 00:07:23

Health: -4/41      AC:  8    Str: 22    XL:     4   Next: 54%
Magic:  3/3        EV:  7    Int:  5    God:
Gold:   109        SH:  9    Dex:  9    Spells: 3/3 levels left

rFire    . . .     SeeInvis .   a - +0 war axe
rCold    . . .     Gourm    .   c - +0 shield
rNeg     + . .     Faith    .   b - +0 scale mail
rPois    +         Spirit   .   (helmet restricted)
rElec    .         Reflect  .   (no cloak)
rCorr    .         Harm     .   v - +0 pair of gloves
MR       .....                  (no boots)
Stlth    ..........             (no amulet)
HPRegen  0.13/turn              s - ring of positive energy
MPRegen  0.08/turn              p - ring of poison resistance

@: slowed, very slow
A: retaliatory headbutt, horns 2
a: no special abilities


You were on level 3 of the Dungeon.
You were hungry.

You visited 1 branch of the dungeon, and saw 3 of its levels.

You collected 109 gold pieces.

Inventory:

Hand Weapons
 a - a +0 war axe (weapon)
 h - a +0 vampiric dagger
Armour
 b - a +0 scale mail (worn)
 c - a +0 shield (worn)
 v - a +0 pair of gloves (worn)
Jewellery
 e - an uncursed ring of flight
 p - a ring of poison resistance (right hand)
 s - a ring of positive energy (left hand)
Scrolls
 g - 3 scrolls of identify {unknown}
 j - a scroll of teleportation {unknown}
 k - 3 scrolls of remove curse {unknown}
 l - a scroll of blinking {unknown}
 m - a scroll of enchant weapon {unknown}
 n - 2 scrolls of immolation {unknown}
 r - a scroll of magic mapping {unknown}
 u - a scroll of fog {unknown}
Potions
 d - a potion of might
 o - a potion of haste {unknown}
 t - 2 potions of flight {unknown}
Books
 q - a book of Maledictions

   Spells                             Type                      Level
   a - Corona                         Hexes                        1
   b - Ensorcelled Hibernation        Hexes/Ice                    2
   c - Confuse                        Hexes                        3
   d - Tukima's Dance                 Hexes                        3
   e - Dazzling Spray                 Conjuration/Hexes            3
Comestibles
 f - 3 rations
 i - 6 chunks of flesh


   Skills:
 + Level 4.3 Fighting
 * Level 4.1 Axes
 + Level 4.3 Armour
 + Level 4.3 Shields


You had 3 spell levels left.
You didn't know any spells.

Dungeon Overview and Level Annotations

Branches:
Dungeon (3/15)

Altars:


Innate Abilities, Weirdness & Mutations

You reflexively headbutt those who attack you in melee.
You have a pair of horns on your head.


Message History

The orc wizard hits you but does no damage.
You are too injured to fight recklessly!
You are too injured to fight recklessly!
You are too injured to fight recklessly!
You are too injured to fight recklessly!
Unknown command.
You barely miss the hobgoblin. You hit the orc wizard.
The orc wizard hits you but does no damage.
You block the hobgoblin's attack. The orc wizard casts a spell at you.
You feel as though you will be slow longer.
The orc wizard gestures wildly while chanting.
The orc wizard blinks!
You block the hobgoblin's attack. The orc wizard closely misses you.
You slash the hobgoblin!
You kill the hobgoblin!
You miss the orc wizard.
The orc wizard points at you and mumbles some strange words.
The magic dart hits you!
You die...

...#.............####
##.....#...#.##
#.....#####.####
######............#
...................#
########..........[#
###.........>.>#
##o.............#
#@†##...#########
##)###......## #.)#
#..###..###### ##.##
#..# ##.##.... #.(.#
#..# #....... #.....#
...# ##......
.........#..#.#
#......
.#####.....##.
###.... #....#
###....


You could see an orc wizard.

Vanquished Creatures
  4 adders (D:2)
  2 adder skeletons (D:3)
  2 worms (D:3)
  A dart slug (D:1)
  2 leopard geckos
  3 orcs (D:3)
  2 giant cockroaches
  4 goblins
  5 hobgoblins
  6 jackals
  6 kobolds
  A quokka (D:2)
  A ball python (D:2)
  5 bats
  A frilled lizard (D:1)
  6 rats
51 creatures vanquished.

Notes
Turn   | Place    | Note
-------+----------+-------------------------------------------
     0 | D:1      | Hebeh the Minotaur Fighter began the quest for the Orb.
     0 | D:1      | Reached XP level 1. HP: 19/19 MP: 0/0
   234 | D:1      | Reached XP level 2. HP: 27/27 MP: 1/1
   626 | D:2      | Reached XP level 3. HP: 27/33 MP: 2/2
  1008 | D:2      | Reached XP level 4. HP: 40/40 MP: 3/3
  1636 | D:3      | HP: 1/41 [orc wizard/magic dart (3)]
  1638 | D:3      | Killed from afar by an orc wizard

Skill      XL: |  1  2  3  4 |
---------------+-------------+-----
Axes           | 3 4 |  4.1
Fighting       | 4 |  4.3
Armour         | 4 |  4.3
Shields        | 4 |  4.3

Action                   |  1- 3 |  4- 6 || total
-------------------------+-------+-------++-------
Melee: War axe           |    77 |    53 ||   130
       Headbutt          |    10 |    12 ||    22
  Eat: Chunk             |       |     2 ||     2
Armor: Scale mail        |    43 |    29 ||    72
Dodge: Dodged            |    39 |    21 ||    60
Block: Shield            |    48 |    40 ||    88
